Construct Section Command Post
Selects Indian Artillery Battlegroup
Construct Platoon Command Post
6-pounder Anti-tank Gun Team
Selects Towed ML 4.2-inch Heavy Mortar
Unlock Bishop Self-propelled Artillery
Bishop Self-propelled Artillery
Construct Field Infirmary
Selects Off-map Airburst Barrage
Construct Company Command Post
Selects Gurkha Rifles Section
Bishop Self-propelled Artillery
Selects Volunteer Infantry
Selects Perimeter Monitor
Unlock Towed 17-pounder Anti-tank Guns
17-pounder Anti-tank Gun Team
Unlock M3 Grant Medium Tanks